 Seeded DCSS version 0.29.1-2-gbd0b4ee654 (webtiles) character file.

Game seed: 11783567295339809362 (custom seed)

21 valliere the Chiller (level 2, -6/22 HPs)
             Began as a Draconian Ice Elementalist on Nov 2, 2022.
             Mangled by a gnoll
             ... wielding a +0 halberd
              (13 damage)
             ... on level 2 of the Dungeon on Nov 3, 2022.
             The game lasted 00:02:19 (1072 turns).

valliere the Chiller (Draconian Ice Elementalist)   Turns: 1072, Time: 00:02:20

Health: -6/22      AC:  4    Str: 10    XL:     2   Next: 65%
Magic:  0/5        EV: 16    Int: 15    God:
Gold:   33         SH:  0    Dex: 11    Spells: 4/5 levels left

rFire   . . .      SeeInvis .   d - +0 spear
rCold   . . .      Faith    .   (no shield)
rNeg    . . .      Spirit   .   (body armour unavailable)
rPois   .          Reflect  .   (helmet restricted)
rElec   .          Harm     .   (no cloak)
rCorr   .          Rampage  .   (no gloves)
Will    .....                   (no boots)
Stlth   ++........              (no amulet)
HPRegen 0.07/turn               f - ring of wizardry
MPRegen 0.09/turn               k - +4 ring of evasion

@: no status effects
A: AC +4, unfitting armour, cold-blooded
a: no special abilities


You were on level 2 of the Dungeon.
You visited 1 branch of the dungeon, and saw 2 of its levels.

You collected 33 gold pieces.

Inventory:

Hand Weapons
 d - a +0 spear (weapon)
Jewellery
 f - a ring of wizardry (left hand)
 k - a +4 ring of evasion (right hand)
Scrolls
 b - a scroll of enchant armour {unknown}
 c - a scroll of amnesia {unknown}
 h - a scroll of noise {unknown}
 j - a scroll of poison {unknown}
Potions
 a - a potion of magic
 e - a potion of mutation {unknown}
 g - a potion of lignification {unknown}
 i - a potion of curing {unknown}


   Skills:
 + Level 0.6 Fighting
 + Level 0.5 Staves
 + Level 2.0 Dodging
 - Level 1.7 Stealth
 + Level 2.1 Spellcasting
 * Level 4.2 Ice Magic
 + Level 0.6 Evocations


You had 4 spell levels left.
You knew the following spells:

 Your Spells              Type           Power      Damage    Failure   Level
a - Freeze                Ice            56%        1d7       1%          1

Your spell library contained the following spells:

 Spells                   Type           Power      Damage    Failure   Level
 Frozen Ramparts          Ice            28%        1d5       4%          3
 Ozocubu's Armour         Ice            14%        N/A       4%          3
 Sublimation of Blood     Necr           1%         N/A       13%         2
 Wereblood                Tmut           1%         N/A       13%         2
 Hailstorm                Conj/Ice       7%         3d4       34%         4
 Summon Hydra             Summ           0%         N/A       100%        7


Dungeon Overview and Level Annotations

Branches:
Dungeon (2/15)

Altars:


Innate Abilities, Weirdness & Mutations

Your plain brown scales are hard. (AC +4)
You cannot fit into any form of body armour.
You are cold-blooded and may be slowed by cold attacks.


Message History

A rat comes into view.
Found a stone staircase leading up.
You freeze the rat.
You kill the rat!
Magic restored.
You open the door.
There is an open door here.
You open the door.
There is an open door here.
You open the door.
There is an open door here.
You open the door. 2 gnolls come into view.
A gnoll is wielding a +1 vampiric whip.
There is an open door here.
You freeze the gnoll.
The gnoll shouts!
The gnoll is moderately wounded.
The gnoll shouts!
You hear a shout!
The gnoll closely misses you. The gnoll barely misses you.
You freeze the gnoll.
The gnoll is heavily wounded.
The gnoll misses you. The gnoll closely misses you.
You freeze the gnoll.
The gnoll is severely wounded.
The gnoll closely misses you. x2
You freeze the gnoll.
You kill the gnoll!
The gnoll misses you.
Your Dodging skill increases to level 2!
A gnoll comes into view. It is wielding a +0 spear.
The gnoll hits you from afar with a +0 spear.
The gnoll hits you with a +0 halberd.
You see here a +1 vampiric whip.
You freeze the gnoll.
The gnoll is moderately wounded.
The gnoll misses you.
The gnoll hits you from afar with a +0 spear.
The gnoll hits you from afar with a +0 halberd!
Ouch! That really hurt!
You die...

### ## .. ...
#####+### g######.##
........###g#.......
#.....'@).#.....#
##.....#####.....#
#..........'.....#
#.####.#####.....# #
#.#...'.....#
#.#.#.#.<...#
#.#.#.'.....#
#.#.###.....#
#.#.........#######


You could see a gnoll.

Vanquished Creatures
  A gnoll (D:2)
  A dart slug (D:1)
  An endoplasm (D:1)
  A giant cockroach (D:1)
  A hobgoblin (D:1)
  A quokka (D:1)
  A ball python (D:1)
  A bat (D:1)
  3 rats
11 creatures vanquished.

Notes
Turn   | Place    | Note
-------+----------+-------------------------------------------
     0 | D:1      | valliere the Draconian Ice Elementalist began the quest for
                  | the Orb.
     0 | D:1      | Reached XP level 1. HP: 14/14 MP: 3/3
   524 | D:1      | Reached XP level 2. HP: 22/22 MP: 0/5
  1072 | D:2      | Mangled by a gnoll

Illustrated notes

Levels and vault maps discovered:
D:1:      scummos_arrival_hexagon, layout_basic, minmay_misc_feat_pillars,
          nrook_campfire, grunt_decor_mini_mirrors
D:2:      layout_basic, basic_altar, hex_large, minmay_tromino_v7

Skill      XL: |  1  2 |
---------------+-------+-----
Dodging        | 2 |  2.0
Fighting       | |  0.6
Staves         | |  0.5
Stealth        | |  1.7
Spellcasting   | |  2.1
Ice Magic      | |  4.2
Evocations     | |  0.6

Action                   || total
-------------------------++-------
Melee: Unarmed           ||     6
       Tailslap          ||     3
       Spear             ||     3
 Cast: Freeze            ||    19
 Stab: Sleeping          ||     1
Armor: Skin              ||     4
Dodge: Dodged            ||    23
